cohdb
Replays
Latest Replays
All Replays
Popular Replays
Top Player Replays
Match Explorer
How It Works
Community
CoH3 Stats
Reddit
Sign in to upload your games and track your stats! →
Sign in with Steam
Match 41312848
Unlisted
Match 41312848
Overview
Messages
Build Orders
End
Vickers Machine Gun Team
Selects Air and Sea Battlegroup
Construct Section Command Post
Dingo Light Scout Car
Infantry Section
Infantry Section
Grenade Package
ML 3-inch Mortar Team
Construct Platoon Command Post
Selects Commando Section Paradrop
Selects M1 Pack Howitzer Paradrop
M1 Pack Howitzer Paradrop
Construct Company Command Post
Unlock M3 Grant Medium Tanks
Foot Guards Section
ßoo
Tactical Nuclear Cow
finneranbilly
Masalko
Tycoonmaster
Revolutionary
0
0
Comments
sign in to comment!
No comments posted yet!